[Event "Team 45 45 League T62"]
[Site "Internet Chess Club"]
[Date "2014.08.27"]
[Round "1"]
[White "lacibacsi"]
[Black "gtmorton"]
[Result "1-0"]
[WhiteElo "1976"]
[BlackElo "1801"]
[Opening "Queen's bishop game"]
[ECO "D02"]
[Time "16:02:24"]
[TimeControl "2700+45"]

1. d4 d5 2. Nf3 Nf6 3. Bf4 e6 4. e3 c5 5. c3 Nc6 6. Bd3 Be7 7. Nbd2 Nh5 8. Bg3
Bd7 9. Ne5 Nxg3 10. Nxc6 Bxc6 11. hxg3 Qb6 12. Qb3 c4 13. Qxb6 axb6 14. Bc2 h6
15. b3 b5 16. b4 Bd6 17. f4 Ke7 18. Kd1 Ra3 19. Nb1 Raa8 20. g4 f6 21. Kc1 e5
22. g3 exd4 23. exd4 Kf7 24. Kd2 Rhe8 25. Re1 Rxe1 26. Kxe1 Re8+ 27. Kf2 Ra8 28.
Bd1 g6 29. Bf3 Ke6 30. a3 f5 31. Ra2 Kf6 32. Re2 g5 33. fxg5+ hxg5 34. Re1 Rh8
35. Rh1 Rxh1 36. Bxh1 f4 37. gxf4 Bxf4 38. Bf3 Ke6 39. Bd1 Be8 40. Ke2 Bc1 41.
Bc2 Kf6 42. Kd1 Bf4 43. Ke2 Bd7 44. Kf3 Be6 45. a4 Bd7 46. a5 Be8 47. Bf5 Bg6
48. Bxg6 Kxg6 49. Na3 Kf6 50. Nxb5 Ke6 51. Ke2 Kd7 52. Na3 Bc1 53. Nb1 Kc6 54.
Kd1 Bf4 55. Na3 Bd6 56. Kc2 Be7 57. Kb2 Kc7 58. Nc2 Kc6 59. Ka3 Bd6 60. Ka4 b5+
61. axb6 Kxb6 62. Ne3 Bf4 63. Nxd5+ Kc6 64. Ne7+ Kd6 65. Nf5+ Kc7 66. Kb5 {Black
resigns} 1-0

[Event "Team 45 45 League T62"]
[Site "Internet Chess Club"]
[Date "2014.08.31"]
[Round "1"]
[White "Global16"]
[Black "OzymandiasVII"]
[Result "*"]
[WhiteElo "1687"]
[BlackElo "1740"]
[Opening "Sicilian: Kan, 5.Nc3"]
[ECO "B43"]
[Time "11:22:35"]
[TimeControl "2700+45"]
1. e4 {0:45:40} c5 {0:45:39} 2. Nf3 {0:46:22} e6 {0:46:15} 3. d4 {0:47:03}
cxd4 {0:46:58} 4. Nxd4 {0:47:46} a6 {0:47:43} 5. Nc3 {0:48:27} Bc5 {0:48:26}
6. Be3 {0:49:06} Ba7 {0:49:09} 7. Qd2 {0:49:47} b5 {0:49:48} 8. f3 {0:50:21}
Ne7 {0:50:30} 9. g4 {0:51:02} Bb7 {0:51:13} 10. O-O-O {0:51:41} d5 {0:51:51}
11. e5 {0:51:41} Nd7 {0:52:08} 12. Be2 {0:52:12} Nxe5 {0:52:46} 13. f4
{0:52:47} Nc4 {0:53:18} 14. Bxc4 {0:53:29} bxc4 {0:54:00} 15. Rhe1 {0:53:46}
Nc6 {0:53:52} 16. f5 {0:54:21} Bxd4 {0:51:18} 17. Bxd4 {0:53:29} Nxd4
{0:52:00} {Game adjourned when White disconnected} *

[Event "Team 45 45 League T62"]
[Site "Internet Chess Club"]
[Date "2014.08.29"]
[Round "1"]
[White "tightfist"]
[Black "amicusUK"]
[Result "0-1"]
[WhiteElo "1513"]
[BlackElo "1634"]
[Opening "Polish (Sokolsky) opening"]
[ECO "A00"]
[Time "10:00:12"]
[TimeControl "2700+45"]

1. b4 d5 2. Bb2 e6 3. Nf3 Nf6 4. a3 Bd6 5. e3 c6 6. c4 Nbd7 7. Nc3 Qe7 8. c5 Bc7
9. Bd3 O-O 10. O-O e5 11. Bc2 e4 12. Nd4 Ne5 13. f3 exf3 14. Nxf3 Bg4 15. Qe1
Nxf3+ 16. gxf3 Bh3 17. Rf2 Rfe8 18. Ne2 Nh5 19. f4 Qd7 20. Kh1 Bf5 21. Bxf5 Qxf5
22. Qg1 Re6 23. Qg5 Qe4+ 24. Qg2 Rg6 25. Qxe4 dxe4 26. Rg1 Rd8 27. Bc3 Rd5 28.
Rfg2 Bd8 29. Rxg6 fxg6 30. Ng3 Nxg3+ 31. hxg3 Bf6 32. Bxf6 gxf6 33. Rd1 Rd3 34.
g4 Rxa3 35. Kg2 Rb3 36. Kf2 Rxb4 37. d3 Rb2+ 38. Kg3 Rb3 39. dxe4 Rxe3+ 40. Kf2
Rxe4 41. Kf3 Re7 42. Rd8+ Kf7 43. Rh8 Ke6 44. Rd8 Rd7 45. f5+ gxf5 46. gxf5+ Ke7
47. Rh8 Rd5 48. Rxh7+ Kf8 49. Rxb7 Rxf5+ 50. Ke4 Rxc5 51. Rxa7 Re5+ 52. Kd4 c5+
53. Kc4 f5 54. Rh7 f4 55. Kd3 f3 56. Rh2 Rf5 57. Rf2 Ke7 58. Ke4 Ke6 59. Rf1 f2
60. Ke3 Ke5 61. Kd3 Kd5 62. Kc3 Rf3+ 63. Kd2 Ke4 64. Ke2 c4 65. Kd2 c3+ 66. Ke2
Rf4 67. Rc1 f1=Q+ 68. Rxf1 Rxf1 69. Kxf1 Kd3 70. Ke1 c2 71. Kf2 c1=Q {White
resigns} 0-1

[Event "Team 45 45 League T62"]
[Site "Internet Chess Club"]
[Date "2014.09.07"]
[Round "1"]
[White "Goli"]
[Black "DouDou"]
[Result "0-1"]
[WhiteElo "1848"]
[BlackElo "1930"]
[Opening "Ruy Lopez: exchange variation, Alapin gambit"]
[ECO "C68"]
[Time "17:00:36"]
[TimeControl "2700+45"]

1. e4 e5 2. Nf3 Nc6 3. Bb5 a6 4. Bxc6 dxc6 5. O-O Bg4 6. h3 h5 7. d3 Qf6 8. Nbd2
Ne7 9. Re1 Ng6 10. hxg4 hxg4 11. Nh2 Bc5 12. Ndf3 gxf3 13. Nxf3 Nh4 14. Be3 Bxe3
15. Rxe3 Ng6 16. g3 O-O-O 17. Nh2 Kb8 18. Ng4 Qg5 19. Re1 Qh5 20. Qf3 Rd6 21.
Kf1 Rf6 22. Qxf6 gxf6 23. Nxf6 Qf3 {White resigns} 0-1

[Event "Team 45 45 League T62"]
[Site "Internet Chess Club"]
[Date "2014.09.06"]
[Round "1"]
[White "hood"]
[Black "room-matt"]
[Result "1/2-1/2"]
[WhiteElo "1902"]
[BlackElo "1873"]
[Opening "Ruy Lopez: closed, Bogolyubov variation"]
[ECO "C91"]
[Time "15:07:43"]
[TimeControl "2700+45"]

1. e4 e5 2. Nf3 Nc6 3. Bb5 a6 4. Ba4 Nf6 5. O-O Be7 6. Re1 b5 7. Bb3 O-O 8. c3
d6 9. d4 Bg4 10. d5 Na5 11. Bc2 c5 12. h3 Bxf3 13. Qxf3 Rc8 14. b3 c4 15. b4 Nb7
16. Nd2 Qb6 17. Nf1 a5 18. a3 Ra8 19. Be3 Qc7 20. Ng3 Rfe8 21. Nf5 Bf8 22. Bg5
Nd7 23. Qg3 Kh8 24. Rab1 g6 25. Nh6 f6 26. Bc1 Nd8 27. h4 Bxh6 28. Bxh6 Nf7 29.
Bc1 Rg8 30. Qh3 h5 31. Bd1 axb4 32. axb4 Ra2 33. Re3 Kg7 34. Re1 Nb6 35. Be3 Na4
36. Bxa4 Rxa4 37. Qf3 Ra3 38. Bd2 Qd7 39. Ra1 Rga8 40. Rxa3 Rxa3 41. Qd1 Qg4 42.
Qxg4 hxg4 43. Kf1 Ra2 44. Rd1 f5 45. f3 g3 46. Ke2 f4 47. Rh1 Kh6 48. Kd1 Kh5
49. Ke2 Nh6 50. Rc1 Ng8 51. Rh1 {Game drawn by mutual agreement} 1/2-1/2

[Event "Team 45 45 League T62"]
[Site "Internet Chess Club"]
[Date "2014.08.30"]
[Round "1"]
[White "zap2"]
[Black "joebobpop"]
[Result "0-1"]
[WhiteElo "1837"]
[BlackElo "1976"]
[Opening "Réti: King's Indian attack"]
[ECO "A05"]
[Time "12:08:42"]
[TimeControl "2700+45"]

1. Nf3 Nf6 2. g3 g6 3. Bg2 Bg7 4. d3 d5 5. Nbd2 O-O 6. O-O Bg4 7. h3 Bxf3 8.
Bxf3 Nbd7 9. e4 dxe4 10. dxe4 Ne5 11. Bg2 c6 12. Qe2 Qc7 13. Nc4 Nxc4 14. Qxc4
Rad8 15. Bf4 e5 16. Be3 Rd7 17. Rfd1 Rfd8 18. Rxd7 Rxd7 19. f3 Ne8 20. Qb3 c5
21. Qc4 b6 22. h4 h5 23. Bh3 Rd8 24. Kf2 Kh7 25. Bg5 f6 26. Be3 Bh6 27. Be6
Bxe3+ 28. Kxe3 Rd4 29. Bg8+ Kg7 30. Qe6 Kf8 31. c3 Rd6 32. Qb3 Qd7 33. Bd5 Nc7
34. Rd1 b5 35. c4 b4 36. Rd2 Qh3 37. Kf2 Qh2+ 38. Ke1 Qxg3+ 39. Rf2 Qxh4 40. Qe3
Nxd5 41. Qxc5 Qh1+ 42. Rf1 Qh4+ 43. Rf2 Ke7 44. Qxa7+ Nc7 45. Qxc7+ Rd7 46. Qc5+
Ke8 47. Ke2 Qg3 48. Qxb4 h4 49. Qe1 h3 50. Qh1 Rd2+ 51. Kxd2 Qxf2+ 52. Kc3 h2
53. Qd1 Qd4+ 54. Qxd4 exd4+ 55. Kxd4 h1=Q 56. b4 Qa1+ 57. Kc5 Qxa2 58. b5 Kd7
59. f4 Kc7 60. e5 fxe5 61. fxe5 Qe2 62. Kd5 Qd3+ 63. Kc5 Qd7 64. Kb4 Kb7 65. Kc5
g5 66. Kb4 g4 67. Ka5 Qc7+ 68. Kb4 Qxe5 69. c5 Qd4+ 70. Ka5 Qxc5 71. Ka4 g3 72.
Kb3 Qxb5+ 73. Kc3 Qa4 74. Kb2 g2 75. Kc3 g1=Q 76. Kb2 Qg3 77. Kb1 Qg2 {White
resigns} 0-1

[Event "Team 45 45 League T62"]
[Site "Internet Chess Club"]
[Date "2014.08.28"]
[Round "1"]
[White "infiniteshug"]
[Black "f5"]
[Result "1-0"]
[WhiteElo "2143"]
[BlackElo "2102"]
[Opening "Giuoco Piano"]
[ECO "C54"]
[Time "21:00:11"]
[TimeControl "2700+45"]

1. e4 e5 2. Nf3 Nc6 3. Bc4 Bc5 4. c3 Nf6 5. d3 O-O 6. Bb3 d6 7. Bg5 Be6 8. Bc2
Bb6 9. Nbd2 Kh8 10. Nf1 Qd7 11. Bxf6 gxf6 12. Ng3 Rg8 13. Qd2 Qd8 14. Nh4 Ne7
15. O-O-O Rg4 16. Nf3 Qf8 17. h3 Rg8 18. Kb1 Rd8 19. d4 Rg6 20. dxe5 fxe5 21.
Nxe5 Rg8 22. Ng4 f6 23. Nh5 Rg6 24. Nf4 Qf7 25. Nxg6+ hxg6 26. e5 fxe5 27. Nxe5
Qg7 28. Ng4 Bf5 29. Qg5 Bxc2+ 30. Kxc2 Rf8 31. Rhe1 Ng8 32. Re6 Rf5 33. Qxg6
Qxg6 34. Rxg6 Ne7 35. Rf6 Rxf6 36. Nxf6 Bxf2 37. Nd5 Nf5 38. Rf1 {Black resigns}
1-0

[Event "Team 45 45 League T62"]
[Site "Internet Chess Club"]
[Date "2014.08.30"]
[Round "1"]
[White "primerpaso"]
[Black "RobertStephen"]
[Result "1-0"]
[WhiteElo "1966"]
[BlackElo "2024"]
[Opening "English: symmetrical variation"]
[ECO "A34"]
[Time "14:00:43"]
[TimeControl "2700+45"]

1. c4 c5 2. Nc3 Nf6 3. g3 g6 4. Bg2 Bg7 5. Nf3 O-O 6. d4 cxd4 7. Nxd4 Nc6 8. O-O
Nxd4 9. Qxd4 d6 10. Qh4 Qa5 11. Bg5 Qb4 12. Rab1 Re8 13. Rfd1 Be6 14. Nb5 Qxc4
15. Qxc4 Bxc4 16. Nc7 Rad8 17. Nxe8 Rxe8 18. Rd2 h6 19. Bxf6 Bxf6 20. Bxb7 Rb8
21. Bd5 Bc3 22. Rdd1 Bxd5 23. Rxd5 Rxb2 24. Rxb2 Bxb2 25. e3 Bc3 26. Kf1 Kg7 27.
Rb5 Kf6 28. Ke2 Ke6 29. Kd3 Be1 30. f3 a6 31. Rb3 a5 32. a3 a4 33. Rb6 f5 34.
Ra6 Ke5 35. Rxa4 e6 36. Ra8 h5 37. a4 h4 38. gxh4 Bxh4 39. f4+ Kf6 40. a5 e5 41.
Rh8 Bf2 42. fxe5+ dxe5 43. a6 {Black resigns} 1-0

[Event "Team 45 45 League T62"]
[Site "Internet Chess Club"]
[Date "2014.08.30"]
[Round "1"]
[White "zap2"]
[Black "santiagoelawad"]
[Result "0-1"]
[WhiteElo "1848"]
[BlackElo "1972"]
[Opening "English: New York (London) defensive system"]
[ECO "A12"]
[Time "08:06:54"]
[TimeControl "2700+45"]

1. Nf3 d5 2. c4 c6 3. b3 Nf6 4. Bb2 Bf5 5. d3 e6 6. g3 h6 7. Bg2 Nbd7 8. Nbd2
Qa5 9. a3 Bh7 10. O-O Be7 11. Qc1 O-O 12. Bc3 Qb6 13. Qb2 a5 14. Ne5 Nc5 15.
Rab1 Rfd8 16. Bd4 Qc7 17. Ndf3 Ne8 18. Bh3 Kf8 19. Qd2 f6 20. Ng4 e5 21. Ba1 a4
22. b4 Nb3 23. Qc2 Nxa1 24. Rxa1 d4 25. Qd2 Qd7 26. Kg2 Bf5 27. Nh4 Bxg4 28.
Bxg4 Qxg4 29. h3 Qd7 30. c5 Nc7 31. Qa2 Qd5+ 32. Qxd5 Nxd5 33. Nf5 Kf7 34. Rad1
Bf8 35. Kf3 Ke6 36. Nh4 g5 37. Ng2 f5 38. Rd2 h5 39. e4 g4+ 40. hxg4 hxg4+ 41.
Ke2 Nc3+ 42. Ke1 fxe4 43. dxe4 Bh6 44. Rd3 Nxe4 45. Kd1 Rf8 46. Re1 Nxf2+ {White
resigns} 0-1

[Event "Team 45 45 League T62"]
[Site "Internet Chess Club"]
[Date "2014.08.31"]
[Round "1"]
[White "Baseta"]
[Black "justice02"]
[Result "1/2-1/2"]
[WhiteElo "1838"]
[BlackElo "1828"]
[Opening "English: symmetrical, four knights system"]
[ECO "A30"]
[Time "15:00:12"]
[TimeControl "2700+45"]

1. Nf3 Nf6 2. c4 c5 3. Nc3 Nc6 4. d4 cxd4 5. Nxd4 g6 6. e4 d6 7. Be2 Bg7 8. Be3
O-O 9. Rc1 Qa5 10. O-O a6 11. Qd2 Ng4 12. Bxg4 Bxg4 13. f3 Bd7 14. Rfd1 Rac8 15.
Nb3 Qh5 16. Nd5 Be6 17. c5 Bxd5 18. exd5 Ne5 19. Na5 dxc5 20. Bxc5 Rc7 21. Be3
Rfc8 22. Rxc7 Rxc7 23. d6 exd6 24. Qxd6 Rd7 25. Qb8+ Bf8 26. Rxd7 Nxd7 27. Qd8
Qe5 28. Nc4 Qe7 {Game drawn by mutual agreement} 1/2-1/2

[Event "Team 45 45 League T62"]
[Site "Internet Chess Club"]
[Date "2014.09.06"]
[Round "1"]
[White "Jack-ONeill"]
[Black "LiangLiang"]
[Result "1-0"]
[WhiteElo "2068"]
[BlackElo "1907"]
[Opening "Four knights: Scotch, 4...exd4"]
[ECO "C47"]
[Time "13:00:25"]
[TimeControl "2700+45"]

1. e4 e5 2. Nf3 Nc6 3. Nc3 Nf6 4. d4 exd4 5. Nxd4 Bb4 6. Nxc6 bxc6 7. Bd3 O-O 8.
O-O d6 9. Bg5 h6 10. Bh4 Re8 11. f4 Bg4 12. Bxf6 Bc5+ 13. Kh1 Qd7 14. Qe1 gxf6
15. f5 Kg7 16. h3 h5 17. hxg4 hxg4 18. g3 Rh8+ 19. Kg2 d5 20. Qe2 Rag8 21. Rh1
Kf8 22. Rxh8 Rxh8 23. Rh1 Rg8 24. Rh4 Qd6 25. Rxg4 Rh8 26. Qf3 Qe5 27. Qf4 Qd4
28. Ne2 {Black resigns} 1-0

[Event "Team 45 45 League T62"]
[Site "Internet Chess Club"]
[Date "2014.09.06"]
[Round "1"]
[White "DouDou"]
[Black "Ptzz"]
[Result "1/2-1/2"]
[WhiteElo "1917"]
[BlackElo "2061"]
[Opening "Ruy Lopez: closed, Chigorin, 12...Nc6"]
[ECO "C98"]
[Time "12:01:37"]
[TimeControl "2700+45"]

1. e4 e5 2. Nf3 Nc6 3. Bb5 a6 4. Ba4 Nf6 5. O-O Be7 6. Re1 b5 7. Bb3 d6 8. c3
O-O 9. h3 Na5 10. Bc2 c5 11. d4 Qc7 12. Nbd2 Nc6 13. d5 Nd8 14. Nf1 Ne8 15. Ng3
g6 16. Bh6 Ng7 17. Qd2 f6 18. Rad1 Nf7 19. Bxg7 Kxg7 20. b4 c4 21. a4 Bd7 22.
axb5 axb5 23. Ra1 Ra7 24. Rxa7 Qxa7 25. Nh2 Ra8 26. Bb1 Bd8 27. Nhf1 Bb6 28. Ne3
Qb8 29. Ngf1 Qc8 30. Rc1 Ng5 31. Qe2 Ra1 32. Qb2 Qa8 33. Nc2 Ra6 34. Nce3 Qa7
35. h4 Nf7 36. Qe2 Ra1 37. Nc2 Ra6 38. Nce3 h5 39. Qc2 Nh6 40. Qd2 Ng4 41. Nxg4
Bxg4 42. Ne3 Ra1 43. Nxg4 hxg4 44. g3 Qa3 45. Rd1 Qb3 46. Bc2 Rxd1+ 47. Bxd1 Qb1
48. Qc2 Qxc2 49. Bxc2 Kh6 50. Kf1 Kh5 51. Ke2 Bd8 52. Bb1 Be7 53. Kd2 Bf8 54.
Bc2 Be7 55. Bb1 Bd8 56. Ke2 {Game drawn by mutual agreement} 1/2-1/2

[Event "Team 45 45 League T62"]
[Site "Internet Chess Club"]
[Date "2014.08.29"]
[Round "1"]
[White "gyu123987kool"]
[Black "Tobiasdelmonte"]
[Result "1/2-1/2"]
[WhiteElo "1605"]
[BlackElo "1824"]
[Opening "Sicilian: dragon, Yugoslav attack"]
[ECO "B76"]
[Time "22:48:53"]
[TimeControl "2700+45"]

1. e4 c5 2. Nf3 d6 3. d4 cxd4 4. Nxd4 Nf6 5. Nc3 g6 6. Be3 Bg7 7. f3 Nc6 8. Qd2
O-O 9. g4 Qa5 10. h4 Nxd4 11. Bxd4 Be6 12. h5 Rfc8 13. hxg6 fxg6 14. a3 b5 15.
b4 Qc7 16. Bd3 a6 17. O-O-O Rab8 18. Qh2 h6 19. e5 Nxg4 20. fxg4 dxe5 21. Bc5 e4
22. Qxc7 Rxc7 23. Nxe4 Bxg4 24. Rdg1 Bf5 25. Be3 h5 26. Nf2 Bxd3 27. Nxd3 Rc6
28. Nf4 Kf7 29. Rf1 Kg8 30. Rhg1 Rf8 31. Nd5 Rxf1+ 32. Rxf1 Re6 33. Bc5 Bf6 34.
Kd2 {Game drawn by mutual agreement} 1/2-1/2

[Event "Team 45 45 League T62"]
[Site "Internet Chess Club"]
[Date "2014.08.30"]
[Round "1"]
[White "NFork"]
[Black "Barrett-CCSCSL"]
[Result "0-1"]
[WhiteElo "2123"]
[BlackElo "2126"]
[Opening "English opening"]
[ECO "A20"]
[Time "08:06:40"]
[TimeControl "2700+45"]

1. c4 e5 2. g3 Nf6 3. Bg2 g6 4. Nc3 Bg7 5. e4 O-O 6. Nge2 Nc6 7. d3 d6 8. O-O
Bd7 9. h3 a6 10. Be3 Rb8 11. Qd2 Qc8 12. Kh2 b5 13. b3 b4 14. Nd5 Nxd5 15. exd5
Ne7 16. Rac1 c5 17. dxc6 Bxc6 18. d4 Bxg2 19. Kxg2 Qc6+ 20. d5 Qb7 21. f4 Nf5
22. Bf2 Qe7 23. g4 Nh4+ 24. Bxh4 Qxh4 25. c5 dxc5 26. Rxc5 f5 27. g5 exf4 28.
Qxf4 Qxf4 29. Nxf4 Rfc8 30. Rfc1 Bc3 31. Ne6 Rxc5 32. Nxc5 Rb5 33. Na4 Rxd5 34.
Nxc3 bxc3 35. Rxc3 Rd2+ 36. Kg1 Rxa2 37. Rc8+ Kf7 38. Rc7+ Ke6 39. Rxh7 Ke5 40.
Rg7 Kf4 41. Rxg6 Kg3 42. Kf1 f4 43. Rf6 f3 44. Ke1 f2+ 45. Kf1 Ra1+ 46. Ke2 Re1+
47. Kd3 f1=Q+ 48. Rxf1 Rxf1 {White resigns} 0-1

[Event "Team 45 45 League T62"]
[Site "Internet Chess Club"]
[Date "2014.08.31"]
[Round "1"]
[White "Pomberito"]
[Black "Epcot"]
[Result "1/2-1/2"]
[WhiteElo "2137"]
[BlackElo "2102"]
[Opening "French: Tarrasch"]
[ECO "C03"]
[Time "08:30:36"]
[TimeControl "2700+45"]

1. e4 e6 2. d4 d5 3. Nd2 Be7 4. e5 c5 5. dxc5 Nc6 6. Ndf3 Bxc5 7. Bd3 Qb6 8. Nh3
Nge7 9. O-O Bd7 10. a3 Ng6 11. Qe2 Qc7 12. Re1 Nd4 13. Nxd4 Bxd4 14. Bxg6 hxg6
15. c3 Bc5 16. Ng5 {Game drawn by mutual agreement} 1/2-1/2

[Event "Team 45 45 League T62"]
[Site "Internet Chess Club"]
[Date "2014.08.31"]
[Round "1"]
[White "MeWantCookie"]
[Black "BigH"]
[Result "1-0"]
[WhiteElo "2073"]
[BlackElo "1999"]
[Opening "QGD Slav: 4.e3 Bf5"]
[ECO "D12"]
[Time "12:06:04"]
[TimeControl "2700+45"]

1. d4 Nf6 2. Nf3 d5 3. e3 Bf5 4. c4 c6 5. Nc3 a6 6. Qb3 Ra7 7. Bd2 h6 8. cxd5
cxd5 9. Rc1 e6 10. Qa4+ Nc6 11. Ne5 Qa8 12. Nd1 Be7 13. Nxc6 bxc6 14. Qxc6+ Qxc6
15. Rxc6 O-O 16. Rxa6 Rxa6 17. Bxa6 Ra8 18. Bb5 Rxa2 19. f3 Bc2 20. Bc1 Bb4+ 21.
Nc3 Kf8 22. O-O Ra1 23. Bd2 Rxf1+ 24. Kxf1 Ke7 25. Ke2 g5 26. h3 Bg6 27. Na4
Bxd2 28. Kxd2 Nd7 29. Nc5 Nb6 30. Kc3 Kd6 31. b4 f6 32. g3 e5 33. Ba6 Be8 34.
Bd3 Bh5 35. g4 Be8 36. b5 Bd7 37. Kb4 Bc8 38. Ka5 Kc7 39. Na6+ Kb7 40. Kb4 Nd7
41. Bf5 Nb6 42. dxe5 fxe5 43. Kc5 Nc4 44. e4 Nd2 45. exd5 Nxf3 46. Kd6 Nd4 47.
Nc5+ Kb6 48. Bxc8 Nxb5+ 49. Kxe5 Kxc5 50. Bd7 Nc3 51. d6 Nd5 52. Bf5 Nb4 53. d7
Nc6+ 54. Ke6 Kb6 55. Kf7 Kc7 56. Kg6 Ne5+ 57. Kxh6 Nf3 58. Kg6 Kd8 59. Kf6 Ng1
60. Kxg5 Nxh3+ 61. Kf6 Nf4 62. g5 Nd5+ 63. Kf7 Ne7 64. Be6 Nc6 65. g6 {Black
resigns} 1-0

[Event "Team 45 45 League T62"]
[Site "Internet Chess Club"]
[Date "2014.09.02"]
[Round "1"]
[White "SlimeDog2"]
[Black "gump12345"]
[Result "1/2-1/2"]
[WhiteElo "2028"]
[BlackElo "2021"]
[Opening "King's Indian: fianchetto with ...Nc6"]
[ECO "E62"]
[Time "22:11:15"]
[TimeControl "2700+45"]

1. Nf3 Nf6 2. c4 g6 3. d4 Bg7 4. g3 O-O 5. Bg2 d6 6. Nc3 Nc6 7. O-O Rb8 8. e4
Bg4 9. h3 Bxf3 10. Bxf3 Nd7 11. Be3 e5 12. d5 Nd4 13. Bg2 c5 14. Nb5 a6 15. Nxd4
cxd4 16. Bd2 b5 17. cxb5 Rxb5 18. b4 f5 19. f3 f4 20. g4 h5 21. Rc1 hxg4 22.
fxg4 Nf6 23. g5 Nh5 24. Qg4 Ng3 25. Rfd1 d3 26. Rc6 Ne2+ 27. Kf2 Nd4 28. Rxa6
Rb6 29. Ra7 Rf7 30. Rxf7 Kxf7 31. Bf1 Ra6 32. Bxd3 Rxa2 33. Ke1 Bf8 34. Bc3 Qb6
35. Rd2 Rxd2 36. Kxd2 Be7 37. h4 Qa7 38. Bc4 Qa4 39. Bxd4 Qxb4+ 40. Kd3 Qb1+ 41.
Kd2 Qb4+ 42. Bc3 Qxc4 43. Qe6+ Kf8 44. Qxg6 Qa2+ 45. Ke1 Qb1+ 46. Ke2 Qh1 47.
Qf5+ Kg7 48. Bxe5+ dxe5 49. Qxe5+ Kf7 50. Qxf4+ Ke8 51. Qg4 Qh2+ 52. Kf3 Qh1+
53. Kf4 Qc1+ 54. Kf5 Qc8+ 55. Kf4 Qc1+ {Game drawn by mutual agreement} 1/2-1/2

[Event "Team 45 45 League T62"]
[Site "Internet Chess Club"]
[Date "2014.08.27"]
[Round "1"]
[White "Happybear"]
[Black "DARKwizard1"]
[Result "0-1"]
[WhiteElo "1863"]
[BlackElo "2093"]
[Opening "Sicilian: closed"]
[ECO "B24"]
[Time "11:00:18"]
[TimeControl "2700+45"]

1. e4 c5 2. Nc3 Nc6 3. g3 g6 4. Bg2 Bg7 5. d3 e6 6. Be3 b6 7. Nge2 Nge7 8. Qc1
h6 9. Nb5 d6 10. c4 a6 11. Nbc3 Rb8 12. a4 Ne5 13. Qc2 O-O 14. O-O N7c6 15. Rad1
Nb4 16. Qb1 Bb7 17. f4 Ng4 18. Bc1 d5 19. e5 h5 20. b3 f5 21. h3 Nh6 22. Ba3 d4
23. Bxb7 Rxb7 24. Bxb4 cxb4 25. Na2 a5 26. Qb2 Rd7 27. Rc1 h4 28. c5 bxc5 29.
Rxc5 hxg3 30. Rfc1 Qh4 31. Kg2 Ng4 32. Nxg3 Ne3+ 33. Kh2 Qxf4 34. Rxa5 Bxe5 35.
Rg1 Rh7 36. Qe2 Ng4+ 37. Kg2 Qxg3+ {White resigns} 0-1

[Event "Team 45 45 League T62"]
[Site "Internet Chess Club"]
[Date "2014.09.01"]
[Round "1"]
[White "Shanghaied"]
[Black "charles-allen"]
[Result "1/2-1/2"]
[WhiteElo "1777"]
[BlackElo "1880"]
[Opening "KGD: Falkbeer counter-gambit"]
[ECO "C31"]
[Time "19:30:20"]
[TimeControl "2700+45"]

1. e4 e5 2. f4 d5 3. exd5 Nf6 4. fxe5 Nxd5 5. Nf3 Bg4 6. Nc3 Nc6 7. Bb5 Nxc3 8.
Bxc6+ bxc6 9. bxc3 Be7 10. O-O O-O 11. Qe1 f6 12. d4 c5 13. Qe4 Qd7 14. Ba3 Qe6
15. Rae1 Bxf3 16. Rxf3 fxe5 17. Rh3 h6 18. Qxe5 Qxe5 19. Rxe5 Bd6 20. Re1 Rf5
21. Rhe3 Raf8 22. h3 Kh7 23. R3e2 Rd5 24. Rd1 Rd8 25. Bb2 c4 26. Rc1 Rb5 27. Ba1
Ra5 28. Kf1 Bg3 29. Re4 Rf8+ 30. Ke2 Rxa2 31. Ke3 c6 32. Rg4 Bd6 33. Rb1 Rxc2
34. Rb7 Re8+ 35. Re4 Rf8 36. Rg4 Re8+ 37. Re4 Rf8 38. Rg4 Re8+ {Game drawn by
repetition} 1/2-1/2

[Event "Team 45 45 League T62"]
[Site "Internet Chess Club"]
[Date "2014.08.28"]
[Round "1"]
[White "VictorRed"]
[Black "JustinL"]
[Result "0-1"]
[WhiteElo "1821"]
[BlackElo "1958"]
[Opening "QGD: classical variation (5.Bf4)"]
[ECO "D37"]
[Time "19:02:02"]
[TimeControl "2700+45"]

1. d4 d5 2. Nf3 Nf6 3. c4 e6 4. Nc3 Be7 5. Bf4 O-O 6. e3 a6 7. Bd3 dxc4 8. Bxc4
b5 9. Bd3 Bb7 10. Rc1 Nbd7 11. O-O c5 12. Ne5 Qb6 13. Nxd7 Nxd7 14. Ne4 Rac8 15.
dxc5 Nxc5 16. Nxc5 Bxc5 17. Qh5 g6 18. Qh6 Be7 19. Be5 f6 20. Bxg6 hxg6 21.
Qxg6+ Kh8 22. Rxc8 Bxc8 23. Bd4 Qd8 24. Rd1 Qe8 25. Qh6+ Kg8 26. Rc1 e5 27. Bb6
Bf5 28. Rc7 Rf7 29. Qh5 Be6 30. Qg6+ Kf8 31. Qh6+ Rg7 32. Bc5 Bd7 33. Qxf6+ Kg8
34. Qxe5 Qg6 35. g3 Qb1+ 36. Kg2 Bh3+ 37. Kf3 Qd1+ 38. Ke4 Bg2+ 39. f3 Bxf3+ 40.
Kf4 Rf7+ {White resigns} 0-1

[Event "Team 45 45 League T62"]
[Site "Internet Chess Club"]
[Date "2014.08.30"]
[Round "1"]
[White "kidcobra"]
[Black "frank001"]
[Result "1-0"]
[WhiteElo "1773"]
[BlackElo "1761"]
[Opening "KP: Nimzovich defense"]
[ECO "B00"]
[Time "08:03:04"]
[TimeControl "2700+45"]

1. e4 Nc6 2. Nf3 d5 3. exd5 Qxd5 4. Nc3 Qd6 5. h3 a6 6. d4 Bf5 7. Bd3 Bxd3 8.
Qxd3 Nf6 9. a3 e6 10. Be3 Be7 11. O-O h6 12. Rad1 O-O 13. d5 exd5 14. Nxd5 Nxd5
15. Qxd5 Qg6 16. Qd3 Qh5 17. Qd5 Qg6 18. Qd3 Qf6 19. Bd4 Nxd4 20. Qxd4 Qg6 21.
Qd3 Qb6 22. b4 Bd6 23. Nd4 Be5 24. Rfe1 Qf6 25. Nf3 Bd6 26. Nd4 Qf4 27. Nf3 a5
28. Re4 Qf6 29. c3 axb4 30. cxb4 Qb2 31. Re3 Rfd8 32. g3 Be7 33. Qb1 Rxd1+ 34.
Qxd1 Bf6 35. Qd3 Rd8 36. Qe2 Qc1+ 37. Kg2 Qc6 38. Rd3 Ra8 39. Qe3 Re8 40. Qd2
Re4 41. Re3 Rc4 42. Qd3 Rc3 43. Qd2 Rc2 44. Qd3 Rc1 45. b5 {Black resigns} 1-0

[Event "Team 45 45 League T62"]
[Site "Internet Chess Club"]
[Date "2014.08.28"]
[Round "1"]
[White "olivermx"]
[Black "Bible-Believer"]
[Result "0-1"]
[WhiteElo "1383"]
[BlackElo "1516"]
[Opening "Sicilian: Alapin's variation (2.c3)"]
[ECO "B22"]
[Time "19:00:23"]
[TimeControl "2700+45"]

1. e4 c5 2. c3 Nf6 3. d3 g6 4. Nf3 Bg7 5. Be2 O-O 6. O-O d6 7. Re1 Nc6 8. Be3
Bg4 9. Nbd2 b5 10. d4 Bxf3 11. Bxf3 cxd4 12. cxd4 Qd7 13. Qc2 Rfc8 14. Qd3 Nb4
15. Qb3 Nc2 16. e5 Nxa1 17. Rxa1 Rab8 18. exf6 Bxf6 19. Ne4 Bg7 20. Ng5 e6 21.
Bg4 d5 22. Nf3 Qd6 23. g3 Rb7 24. Bf4 Qb6 25. Qe3 Rc2 26. Rb1 Qa6 27. a3 b4 28.
Rc1 Rxc1+ 29. Qxc1 Qc4 30. axb4 Qxc1+ 31. Bxc1 Rxb4 32. Ne5 Rxd4 33. Bf4 Bxe5
34. Bxe5 Rxg4 35. Kg2 Re4 36. Bc3 Kf8 37. f3 Re2+ 38. Kg1 Ke7 39. h4 Kd6 40. Kf1
Rc2 41. f4 Kc5 42. Be5 d4 {White resigns} 0-1

[Event "Team 45 45 League T62"]
[Site "Internet Chess Club"]
[Date "2014.08.30"]
[Round "1"]
[White "KidRattler"]
[Black "Leon13"]
[Result "1/2-1/2"]
[WhiteElo "1472"]
[BlackElo "1392"]
[Opening "Polish (Sokolsky) opening"]
[ECO "A00"]
[Time "14:05:15"]
[TimeControl "2700+45"]

1. b4 e5 2. Bb2 d6 3. a3 Nf6 4. e3 g6 5. c4 Bg4 6. Be2 Be6 7. Nc3 Nbd7 8. Nf3
Bg7 9. d4 e4 10. Nd2 Bf5 11. h3 Nb6 12. Na4 Qe7 13. Nxb6 axb6 14. a4 d5 15. c5
bxc5 16. bxc5 c6 17. Qb3 O-O 18. Qb6 Rfb8 19. a5 Nd7 20. Qb3 Qg5 21. g4 Be6 22.
h4 Qd8 23. Bc3 Nf6 24. g5 Nh5 25. Bxh5 gxh5 26. Qb6 Qe7 27. O-O-O Ra6 28. Qb3
Bg4 29. Rdf1 Qd7 30. f3 exf3 31. Nxf3 Qe6 32. Kd2 Qe4 33. Nh2 Qg2+ 34. Kc1 Be6
35. Qc2 Qxc2+ 36. Kxc2 Re8 37. Re1 Raa8 38. e4 dxe4 39. Kb2 Bf5 40. Nf1 Re6 41.
Ng3 Bg6 42. Re2 {Game drawn by mutual agreement} 1/2-1/2